 Dungeon Crawl Stone Soup version 0.26-a0-651-gb41185065b (webtiles) character file.

Game seed: 7627552799804028409

101 Lanoc the Skirmisher (level 4, -1/36 HPs)
             Began as a Mummy Wanderer on Oct 29, 2020.
             Splashed by a jelly's acid (5 damage)
             ... on level 5 of the Dungeon.
             The game lasted 00:02:24 (2854 turns).

Lanoc the Skirmisher (Mummy Wanderer)               Turns: 2854, Time: 00:02:24

Health: -1/36      AC: -2    Str: 13    XL:     4   Next: 48%
Magic:  4/4        EV: 11    Int: 11    God:
Gold:   121        SH:  0    Dex: 14    Spells: 3/3 levels left

rFire    x . .     SeeInvis .   a - +2 hand axe
rCold    + . .     Faith    .   (no shield)
rNeg     + + +     Spirit   .   b - +0 ring mail
rPois    ∞         Reflect  .   (no helmet)
rElec    .         Harm     .   (no cloak)
rCorr    .         Rampage  .   (no gloves)
MR       .....                  (no boots)
Stlth    +.........             (no amulet)
HPRegen  0.12/turn              (no ring)
MPRegen  0.09/turn              (no ring)

@: corroded
A: no potions, fire vulnerability, cold resistance 1, negative energy resistance
3, torment resistance, unbreathing
a: no special abilities


You were on level 5 of the Dungeon.
You visited 1 branch of the dungeon, and saw 5 of its levels.

You collected 121 gold pieces.

Inventory:

Hand Weapons
 a - a +2 hand axe (weapon)
Armour
 b - a +0 ring mail (worn)
Wands
 i - a wand of acid (8)
Scrolls
 c - 2 scrolls of teleportation
 d - 5 scrolls of identify {unknown}
 e - 3 scrolls of amnesia {unknown}
 f - 2 scrolls of remove curse {unknown}
 g - a scroll of noise {unknown}
 h - a scroll of blinking {unknown}
 j - a scroll of fear {unknown}
 k - 3 scrolls of magic mapping {unknown}


   Skills:
 + Level 3.6 Fighting
 - Level 3.2 Axes
   Level 1.0 Crossbows
 - Level 1.0 Armour
 + Level 2.3 Dodging
 - Level 1.0 Stealth
 - Level 1.0 Evocations


You had 3 spell levels left.
You didn't know any spells.
Your spell library was empty.

Dungeon Overview and Level Annotations

Branches:
Dungeon (5/15)
 Temple: D:4-7

Altars:


Innate Abilities, Weirdness & Mutations

You do not drink.
Your flesh is vulnerable to fire.
You are immune to poison.
Your flesh is cold resistant. (rC+)
You are immune to negative energy. (rN+++)
You are immune to unholy pain and torment.
You can survive without breathing.


Message History

You hit the jelly.
Your hands burn!
The jelly is severely wounded.
The jelly closely misses you.
You are too injured to fight recklessly!
You are too injured to fight recklessly!
You are too injured to fight recklessly!
You are too injured to fight recklessly!
You are too injured to fight recklessly!
You are too injured to fight recklessly!
You are too injured to fight recklessly!
You hit the jelly but do no damage. The acid corrodes you!
Your hands burn!
The jelly is severely wounded.
The jelly hits you.
You are splashed with acid!
* * * LOW HITPOINT WARNING * * *
The jelly closely misses you.
You barely miss the jelly.
The jelly is severely wounded.
The jelly closely misses you.
You hit the jelly.
Your hands burn!
You die...

############
..........
###....$..##########
...................#
#..........#####.
+.............#
#..J@...#####.##
#.......#......#
#.......#.#.#..#
#.......# #.#..#
####.#.## #.#..#
#.#.# #.#..# #.#.#
#.#..# #.#.# #.#..#
#.#..#


You could see a jelly.

Vanquished Creatures
  5 adders
  An ooze (D:4)
  2 worms (D:3)
  2 dart slugs (D:1)
  2 leopard geckos
  2 orcs (D:3)
  2 giant cockroaches
  2 goblins
  2 hobgoblins
  2 quokkas (D:3)
  6 bats
  5 frilled lizards
  3 kobolds (D:3)
  2 quokka skeletons
  4 rats
42 creatures vanquished.

Notes
Turn   | Place    | Note
-------+----------+-------------------------------------------
     0 | D:1      | Lanoc the Mummy Wanderer began the quest for the Orb.
     0 | D:1      | Lanoc set off with the following items: a +2 hand axe, a +0
                  | ring mail, a scroll of teleportation
     0 | D:1      | Reached XP level 1. HP: 16/16 MP: 1/1
   312 | D:1      | Reached XP level 2. HP: 23/23 MP: 2/2
   455 | D:3      | Reached skill level 1 in Dodging
   656 | D:3      | Reached XP level 3. HP: 16/28 MP: 3/3
  1867 | D:3      | Reached XP level 4. HP: 15/35 MP: 4/4
  2354 | D:4      | Noticed a phantom
  2384 | D:5      | Entered Level 5 of the Dungeon
  2854 | D:5      | Splashed by a jelly's acid

Illustrated notes

Levels and vault maps discovered:
D:1:      dpeg_arrival_round_a, layout_basic, minivault_26,
          minmay_misc_feat_encased
D:2:      layout_loops_ring
D:3:      layout_loops_cross
D:4:      layout_loops_ring, lemuel_coloured_pillars_altar, okawaru_gym_becter
D:5:      layout_basic

Skill      XL: |  1  2  3 |
---------------+----------+-----
Dodging        | 1 2 |  2.3
Fighting       | 3 |  3.6
Axes           | |  3.2
Crossbows      | |  1.0
Armour         | |  1.0
Stealth        | |  1.0
Evocations     | |  1.0

Action                   |  1- 3 |  4- 6 || total
-------------------------+-------+-------++-------
Melee: Hand axe          |   131 |    61 ||   192
 Stab: Sleeping          |       |     1 ||     1
Armor: Ring mail         |    43 |    16 ||    59
Dodge: Dodged            |    74 |    34 ||   108

Table legend: (Time is in decaauts)
 A = Elapsed time spent in this place.
 B = Non-inter-level travel time spent in this place.
 C = Inter-level travel time spent in this place.
 D = Time resting spent in this place.
 E = Time spent auto-exploring this place.
 F = Levels seen in this place.
 G = Mean time per level.
                   A        B        C        D        E       F      G
               +--------+--------+--------+--------+--------+-----+--------+
         Total |   2883 |   2874 |      9 |    296 |   2195 |   5 |  576.6 |
       Dungeon |   2883 |   2874 |      9 |    296 |   2195 |   5 |  576.6 |
               +--------+--------+--------+--------+--------+-----+--------+

Top non-repeatable levels by time:
     D:3: 1506 daAuts
     D:5: 446 daAuts
     D:4: 341 daAuts
     D:1: 321 daAuts
     D:2: 266 daAuts
